[ AOE2 MATCH · #476386901 ]
Team RMPersians vs Lithuanians
[ REPLAY ANALYSIS · EXTRACTED FROM THE RECORDED GAME ]
Feudal
10:25
Castle
15:56
Imperial
30:45
| APM avg | 31.8 |
| APM peak | 82 |
| eAPM avg | 19.2 |
| Villagers / military | 127 / 99 |
Focus
⚔️ 21.8% · 🌾 78.2%
War Elephant ×53 · Scout Cavalry ×43 · Monk ×2 · Spearman ×1
Feudal
11:34
Castle
18:14
Imperial
42:06
| APM avg | 14.2 |
| APM peak | 32 |
| eAPM avg | 9.8 |
| Villagers / military | 104 / 26 |
Focus
⚔️ 27.9% · 🌾 72.1%
Leitis ×21 · Trade Cart ×4 · Battering Ram ×3 · Monk ×2
Feudal
—
Castle
—
Imperial
—
| APM avg | 15.9 |
| APM peak | 55 |
| eAPM avg | 14.3 |
| Villagers / military | 151 / 156 |
Focus
⚔️ 37.1% · 🌾 62.9%
Spearman ×132 · Trade Cart ×12 · Armored Elephant ×8 · Scorpion ×7 · Mangonel ×5 · Chakram Thrower ×4
Feudal
9:57
Castle
16:21
Imperial
38:09
| APM avg | 12.7 |
| APM peak | 53 |
| eAPM avg | 9.7 |
| Villagers / military | 79 / 41 |
Focus
⚔️ 22.7% · 🌾 77.3%
Spearman ×13 · Hussite Wagon ×12 · Bombard Cannon ×6 · Hand Cannoneer ×4 · Mangonel ×3 · Battering Ram ×2
Match map
Initial resources + every placement click. Lines = walls · curves = elevation contours. ◆ gold · ⬟ stone · ● berries · ✦ relic · ◌ wall gap
Your base· ✓ Closed at 15:56 · 0t walls · 3 gate(s)
alexanderbyork's base· ✓ Closed at 18:14 · 0t walls · 3 gate(s)
frizboum's base· ✓ Closed at 15:30 · 0t walls · 3 gate(s)
nachos21's base· ✓ Closed at 16:21 · 0t walls · 3 gate(s)
Smoothed initial terrain · ◌ = detected wall gap · hover for details
Inputs per minute
— MattGohan - - alexanderbyork
Build order — MattGohan
First 150 of 353 actions detected
| 0:04 | Build | House |
| 0:05 | Build | House |
| 0:09 | Create | Villager (Male) |
| 0:09 | Create | Villager (Male) |
| 0:26 | Create | Villager (Male) |
| 0:36 | Create | Villager (Male) |
| 0:36 | Create | Villager (Male) |
| 1:32 | Create | Villager (Male) |
| 1:32 | Create | Villager (Male) |
| 2:03 | Build | Lumber Camp |
| 2:07 | Create | Villager (Male) |
| 2:08 | Create | Villager (Male) |
| 2:31 | Create | Villager (Male) |
| 2:36 | Build | House |
| 3:22 | Create | Villager (Male) |
| 3:22 | Create | Villager (Male) |
| 4:18 | Create | Villager (Male) |
| 4:18 | Create | Villager (Male) |
| 4:58 | Build | Mill |
| 5:10 | Create | Villager (Male) |
| 5:21 | Create | Villager (Male) |
| 5:25 | Create | Villager (Male) |
| 5:44 | Create | Villager (Male) |
| 5:50 | Build | House |
| 5:52 | Create | Villager (Male) |
| 6:05 | Create | Villager (Male) |
| 6:27 | Create | Villager (Male) |
| 6:49 | Create | Villager (Male) |
| 6:50 | Create | Villager (Male) |
| 7:16 | Create | Villager (Male) |
| 7:28 | Build | Farm |
| 7:36 | Build | Mill |
| 7:56 | Create | Villager (Male) |
| 8:08 | Create | Villager (Male) |
| 8:17 | Research | Feudal Age |
| 8:31 | Build | Mining Camp |
| 9:44 | Build | Farm |
| 10:22 | Build | House |
| 10:25 | Age | Feudal Age |
| 10:33 | Create | Villager (Male) |
| 10:34 | Create | Villager (Male) |
| 10:39 | Build | Blacksmith |
| 10:46 | Build | Market |
| 10:52 | Build | Farm |
| 10:55 | Build | Farm |
| 11:01 | Build | Farm |
| 11:02 | Build | Farm |
| 11:10 | Create | Villager (Male) |
| 11:31 | Build | Farm |
| 11:47 | Build | Farm |
| 11:56 | Build | Farm |
| 12:00 | Create | Villager (Male) |
| 12:01 | Create | Villager (Male) |
| 12:02 | Create | Villager (Male) |
| 12:25 | Build | Farm |
| 12:50 | Build | Farm |
| 12:56 | Research | Loom |
| 13:20 | Create | Villager (Male) |
| 13:23 | Research | Castle Age |
| 13:43 | Build | Barracks |
| 14:18 | Build | House |
| 14:20 | Build | House |
| 14:27 | Create | Villager (Male) |
| 14:31 | Research | Double-Bit Axe |
| 14:36 | Research | Horse Collar |
| 14:44 | Build | Mining Camp |
| 14:50 | Create | Spearman |
| 15:06 | Create | Villager (Male) |
| 15:56 | Age | Castle Age |
| 16:01 | Build | Monastery |
| 16:04 | Create | Villager (Male) |
| 16:04 | Create | Villager (Male) |
| 16:29 | Build | Town Center |
| 16:43 | Create | Villager (Male) |
| 16:43 | Create | Villager (Male) |
| 17:20 | Research | Pikeman (upgrade) |
| 17:32 | Create | Monk |
| 17:46 | Create | Villager (Male) |
| 17:46 | Create | Villager (Male) |
| 17:46 | Create | Villager (Male) |
| 17:56 | Create | Villager (Male) |
| 17:57 | Create | Villager (Male) |
| 17:58 | Build | Farm |
| 18:02 | Research | Bow Saw |
| 18:10 | Create | Villager (Male) |
| 18:11 | Create | Villager (Male) |
| 18:36 | Create | Monk |
| 19:02 | Create | Villager (Male) |
| 19:02 | Create | Villager (Male) |
| 19:08 | Build | House |
| 19:13 | Build | House |
| 19:14 | Build | House |
| 19:16 | Build | House |
| 19:19 | Create | Villager (Male) |
| 19:19 | Create | Villager (Male) |
| 19:20 | Create | Villager (Male) |
| 19:24 | Build | Farm |
| 19:27 | Build | Farm |
| 19:30 | Build | Farm |
| 19:42 | Build | Farm |
| 19:46 | Create | Villager (Male) |
| 19:47 | Create | Villager (Male) |
| 19:47 | Create | Villager (Male) |
| 20:03 | Create | Villager (Male) |
| 20:03 | Create | Villager (Male) |
| 20:07 | Build | Town Center |
| 20:16 | Build | Stable |
| 20:21 | Build | Stable |
| 20:25 | Create | Villager (Male) |
| 20:25 | Create | Villager (Male) |
| 20:44 | Create | Villager (Male) |
| 20:44 | Create | Villager (Male) |
| 20:47 | Build | Farm |
| 20:58 | Build | House |
| 20:59 | Build | House |
| 21:01 | Build | House |
| 21:13 | Create | Villager (Male) |
| 21:13 | Create | Villager (Male) |
| 21:27 | Build | Farm |
| 21:31 | Build | Farm |
| 21:32 | Create | Villager (Male) |
| 21:32 | Create | Villager (Male) |
| 21:40 | Create | Villager (Male) |
| 21:40 | Create | Villager (Male) |
| 21:44 | Build | Farm |
| 21:47 | Build | Farm |
| 21:49 | Build | Farm |
| 21:55 | Build | Farm |
| 22:00 | Build | House |
| 22:03 | Create | Villager (Male) |
| 22:03 | Create | Villager (Male) |
| 22:03 | Create | Villager (Male) |
| 22:23 | Build | Castle |
| 22:25 | Build | Mining Camp |
| 22:28 | Create | Villager (Male) |
| 22:29 | Create | Villager (Male) |
| 23:07 | Build | House |
| 23:09 | Build | House |
| 23:11 | Create | Villager (Male) |
| 23:12 | Create | Villager (Male) |
| 23:12 | Create | Villager (Male) |
| 23:12 | Create | Villager (Male) |
| 23:12 | Create | Villager (Male) |
| 23:13 | Create | Villager (Male) |
| 23:17 | Build | Farm |
| 23:18 | Build | Farm |
| 23:18 | Build | Farm |
| 23:18 | Build | Farm |
| 23:18 | Build | Farm |
| 23:18 | Build | Farm |
Build order — alexanderbyork
First 150 of 178 actions detected
| 0:10 | Create | Villager (Male) |
| 0:11 | Research | Loom |
| 0:11 | Create | Villager (Male) ×5 |
| 0:12 | Create | Villager (Male) ×5 |
| 0:18 | Build | House |
| 0:35 | Build | House |
| 0:37 | Build | House |
| 0:39 | Build | House |
| 1:44 | Create | Villager (Male) |
| 1:45 | Create | Villager (Male) |
| 2:58 | Create | Villager (Male) ×2 |
| 2:59 | Create | Villager (Male) ×2 |
| 3:28 | Build | Lumber Camp |
| 3:49 | Create | Villager (Male) ×2 |
| 4:26 | Create | Villager (Male) ×2 |
| 4:44 | Create | Villager (Male) |
| 4:56 | Create | Villager (Male) |
| 5:26 | Create | Villager (Male) |
| 5:56 | Build | Mill |
| 6:52 | Create | Villager (Male) |
| 6:52 | Create | Villager (Male) |
| 8:09 | Create | Villager (Male) |
| 8:10 | Create | Villager (Male) |
| 8:20 | Build | House |
| 8:22 | Build | House |
| 8:23 | Build | House |
| 8:36 | Create | Villager (Male) |
| 9:22 | Research | Feudal Age |
| 9:55 | Build | Barracks |
| 11:08 | Build | Mining Camp |
| 11:34 | Age | Feudal Age |
| 11:49 | Build | Farm |
| 11:57 | Build | Blacksmith |
| 12:03 | Create | Villager (Male) ×5 |
| 12:04 | Create | Villager (Male) ×5 |
| 12:10 | Research | Horse Collar |
| 12:43 | Build | Mining Camp |
| 14:09 | Build | Market |
| 15:00 | Build | Farm |
| 15:01 | Build | Farm |
| 15:01 | Build | Farm |
| 15:34 | Research | Castle Age |
| 15:38 | Build | Farm |
| 15:38 | Build | Farm |
| 15:39 | Build | Farm |
| 15:39 | Build | Farm |
| 15:42 | Build | Farm |
| 15:44 | Build | Farm |
| 15:46 | Build | Farm |
| 15:49 | Build | Farm |
| 15:52 | Build | Farm |
| 15:55 | Build | Farm |
| 15:57 | Build | Farm |
| 17:56 | Create | Villager (Male) ×4 |
| 18:01 | Build | Farm |
| 18:14 | Age | Castle Age |
| 19:52 | Build | Castle |
| 19:56 | Build | House |
| 20:26 | Build | Archery Range |
| 20:28 | Build | Archery Range |
| 20:30 | Build | Archery Range |
| 20:44 | Build | Stable |
| 21:09 | Build | Town Center |
| 21:12 | Create | Villager (Male) ×5 |
| 21:59 | Build | Siege Workshop |
| 22:12 | Build | Stone Wall |
| 22:15 | Build | Stone Wall |
| 22:18 | Build | Gate |
| 22:30 | Create | Battering Ram |
| 22:30 | Create | Battering Ram |
| 22:31 | Create | Battering Ram |
| 22:44 | Build | Gate |
| 23:08 | Create | Villager (Male) ×5 |
| 23:08 | Create | Villager (Male) ×5 |
| 23:16 | Create | Villager (Male) ×3 |
| 23:16 | Create | Villager (Male) ×3 |
| 24:30 | Build | Farm |
| 24:30 | Build | Farm |
| 24:30 | Build | Farm |
| 24:50 | Create | Leitis ×2 |
| 24:51 | Create | Leitis ×2 |
| 25:40 | Build | Town Center |
| 25:59 | Create | Trade Cart ×4 |
| 26:19 | Build | University |
| 26:23 | Build | Farm |
| 26:26 | Create | Villager (Male) ×5 |
| 27:15 | Research | Murder Holes |
| 27:18 | Research | Fortified Wall (upgrade) |
| 27:19 | Research | Fortified Wall (upgrade) |
| 27:28 | Build | Stone Wall |
| 27:30 | Build | Stone Wall |
| 27:32 | Build | Stone Wall |
| 27:34 | Build | Gate |
| 27:37 | Build | Gate |
| 27:46 | Create | Villager (Male) ×3 |
| 27:49 | Build | Farm |
| 27:49 | Build | Farm |
| 27:49 | Build | Farm |
| 27:50 | Build | Farm |
| 27:50 | Build | Farm |
| 28:14 | Create | Leitis |
| 28:14 | Create | Leitis |
| 28:30 | Research | Treadmill Crane |
| 30:12 | Build | Castle |
| 30:32 | Create | Leitis ×5 |
| 30:32 | Create | Leitis ×5 |
| 30:32 | Create | Leitis ×5 |
| 30:42 | Build | Farm |
| 30:42 | Build | Farm |
| 30:42 | Build | Farm |
| 30:43 | Build | Farm |
| 30:43 | Build | Farm |
| 30:43 | Build | Farm |
| 30:43 | Build | Farm |
| 30:43 | Build | Farm |
| 30:44 | Build | Farm |
| 30:44 | Build | Farm |
| 30:52 | Create | Villager (Male) ×2 |
| 32:11 | Build | Archery Range |
| 32:12 | Build | Archery Range |
| 32:38 | Build | Archery Range |
| 32:55 | Create | Villager (Male) ×5 |
| 33:09 | Build | Farm |
| 33:10 | Build | Farm |
| 33:10 | Build | Farm |
| 33:37 | Create | Villager (Male) ×5 |
| 33:39 | Create | Villager (Male) ×5 |
| 33:47 | Research | Murder Holes |
| 34:06 | Build | Monastery |
| 35:00 | Research | Herbal Medicine |
| 35:07 | Research | Bloodlines |
| 35:08 | Research | Husbandry |
| 35:31 | Research | Heated Shot |
| 35:34 | Research | Masonry |
| 35:41 | Build | Town Center |
| 35:43 | Research | Double-Bit Axe |
| 35:47 | Research | Scale Barding Armor |
| 35:48 | Research | Forging |
| 35:50 | Create | Monk |
| 35:50 | Create | Monk |
| 36:20 | Build | Castle |
| 37:30 | Build | Mining Camp |
| 37:42 | Build | Mill |
| 38:31 | Create | Villager (Male) ×5 |
| 38:45 | Research | Imperial Age |
| 39:11 | Build | Stable |
| 39:12 | Build | Stable |
| 39:12 | Build | Stable |
| 39:13 | Build | Stable |
| 39:13 | Build | Stable |
Build order — frizboum
First 150 of 469 actions detected
| 0:02 | Create | Villager (Male) |
| 0:07 | Build | House |
| 0:08 | Build | House |
| 0:09 | Build | House |
| 0:12 | Build | House |
| 0:20 | Research | Loom |
| 0:20 | Create | Villager (Male) |
| 0:21 | Create | Villager (Male) |
| 0:21 | Create | Villager (Male) |
| 0:21 | Create | Villager (Male) |
| 1:08 | Build | Mill |
| 1:10 | Build | House |
| 1:17 | Build | House |
| 1:54 | Create | Villager (Male) |
| 1:54 | Create | Villager (Male) |
| 2:19 | Create | Villager (Male) |
| 2:41 | Create | Villager (Male) |
| 2:59 | Create | Villager (Male) |
| 2:59 | Create | Villager (Male) |
| 2:59 | Create | Villager (Male) |
| 3:23 | Create | Villager (Male) |
| 3:24 | Create | Villager (Male) |
| 3:24 | Create | Villager (Male) |
| 3:44 | Create | Villager (Male) |
| 3:44 | Create | Villager (Male) |
| 3:44 | Create | Villager (Male) |
| 4:04 | Create | Villager (Male) |
| 4:05 | Create | Villager (Male) |
| 4:05 | Create | Villager (Male) |
| 4:06 | Create | Villager (Male) |
| 4:29 | Create | Villager (Male) |
| 4:29 | Create | Villager (Male) |
| 5:09 | Create | Villager (Male) |
| 5:09 | Create | Villager (Male) |
| 5:33 | Build | Lumber Camp |
| 6:02 | Create | Villager (Male) |
| 6:02 | Create | Villager (Male) |
| 6:02 | Create | Villager (Male) |
| 6:03 | Create | Villager (Male) |
| 6:03 | Create | Villager (Male) |
| 7:28 | Research | Feudal Age |
| 7:56 | Create | Villager (Male) |
| 7:56 | Create | Villager (Male) |
| 7:57 | Create | Villager (Male) |
| 8:08 | Build | Mining Camp |
| 8:22 | Build | House |
| 8:24 | Build | House |
| 9:23 | Create | Villager (Male) |
| 9:32 | Build | House |
| 9:39 | Build | House |
| 9:44 | Research | Double-Bit Axe |
| 9:54 | Research | Wheelbarrow |
| 10:46 | Build | Blacksmith |
| 10:57 | Create | Villager (Male) |
| 10:58 | Create | Villager (Male) |
| 11:45 | Build | Market |
| 12:15 | Build | Farm |
| 12:34 | Build | Farm |
| 12:49 | Create | Villager (Male) |
| 12:49 | Create | Villager (Male) |
| 12:59 | Build | Farm |
| 13:25 | Build | Farm |
| 13:43 | Build | Farm |
| 13:47 | Create | Villager (Male) |
| 13:56 | Build | Farm |
| 14:05 | Build | Farm |
| 14:11 | Create | Villager (Male) |
| 14:15 | Build | Farm |
| 14:19 | Build | Farm |
| 14:23 | Build | Farm |
| 14:29 | Create | Villager (Male) |
| 14:46 | Build | Farm |
| 14:55 | Build | Farm |
| 14:59 | Create | Villager (Male) |
| 15:07 | Build | Farm |
| 15:09 | Build | Farm |
| 15:12 | Build | Farm |
| 15:30 | Research | Castle Age |
| 15:46 | Build | Mining Camp |
| 16:01 | Create | Villager (Male) |
| 16:01 | Create | Villager (Male) |
| 16:02 | Create | Villager (Male) |
| 16:02 | Create | Villager (Male) |
| 16:19 | Build | House |
| 16:21 | Build | House |
| 16:22 | Build | House |
| 16:23 | Build | House |
| 16:36 | Research | Stone Mining |
| 16:43 | Research | Gold Mining |
| 17:13 | Create | Trade Cart |
| 17:50 | Build | Mining Camp |
| 18:23 | Build | Town Center |
| 18:28 | Create | Villager (Male) |
| 18:43 | Research | Gold Shaft Mining |
| 18:50 | Research | Bow Saw |
| 18:55 | Create | Villager (Male) |
| 19:23 | Research | Horse Collar |
| 19:51 | Create | Villager (Male) |
| 20:03 | Create | Villager (Male) |
| 20:03 | Create | Villager (Male) |
| 20:04 | Create | Villager (Male) |
| 20:04 | Create | Villager (Male) |
| 20:12 | Create | Villager (Male) |
| 20:30 | Build | Farm |
| 21:00 | Build | Town Center |
| 21:04 | Create | Villager (Male) |
| 21:05 | Create | Villager (Male) |
| 21:11 | Create | Villager (Male) |
| 21:15 | Create | Villager (Male) |
| 21:15 | Create | Villager (Male) |
| 21:17 | Research | Heavy Plow |
| 21:52 | Create | Villager (Male) |
| 21:53 | Create | Villager (Male) |
| 21:55 | Create | Villager (Male) |
| 22:15 | Build | Siege Workshop |
| 22:21 | Build | Barracks |
| 22:31 | Create | Villager (Male) |
| 22:31 | Create | Villager (Male) |
| 22:50 | Research | Stone Shaft Mining |
| 22:57 | Create | Villager (Male) |
| 22:57 | Create | Villager (Male) |
| 22:57 | Create | Villager (Male) |
| 22:57 | Create | Villager (Male) |
| 22:58 | Create | Villager (Male) |
| 23:09 | Build | Mining Camp |
| 23:22 | Build | House |
| 23:26 | Build | House |
| 23:29 | Build | House |
| 23:31 | Build | House |
| 23:32 | Build | House |
| 23:38 | Create | Villager (Male) |
| 23:39 | Create | Villager (Male) |
| 23:40 | Create | Villager (Male) |
| 23:47 | Create | Armored Elephant |
| 23:47 | Create | Armored Elephant |
| 23:59 | Create | Villager (Male) |
| 23:59 | Create | Villager (Male) |
| 24:11 | Create | Armored Elephant |
| 24:27 | Create | Villager (Male) |
| 24:28 | Create | Villager (Male) |
| 24:32 | Create | Villager (Male) |
| 24:33 | Create | Villager (Male) |
| 24:44 | Build | Mining Camp |
| 24:50 | Create | Scorpion |
| 24:50 | Create | Scorpion |
| 24:51 | Create | Scorpion |
| 24:51 | Create | Scorpion |
| 24:54 | Create | Armored Elephant |
| 24:54 | Create | Armored Elephant |
| 25:04 | Create | Villager (Male) |
Build order — nachos21
First 150 of 210 actions detected
| 0:03 | Build | House |
| 0:05 | Build | House |
| 0:06 | Create | Villager (Male) |
| 0:07 | Create | Villager (Male) |
| 0:07 | Create | Villager (Male) |
| 0:07 | Create | Villager (Male) |
| 0:07 | Create | Villager (Male) |
| 2:00 | Create | Villager (Male) |
| 2:00 | Create | Villager (Male) |
| 2:00 | Create | Villager (Male) |
| 2:34 | Build | Lumber Camp |
| 2:40 | Create | Villager (Male) |
| 2:40 | Create | Villager (Male) |
| 2:41 | Create | Villager (Male) |
| 2:57 | Create | Villager (Male) |
| 2:57 | Create | Villager (Male) |
| 3:50 | Build | House |
| 3:58 | Create | Villager (Male) |
| 3:58 | Create | Villager (Male) |
| 3:59 | Create | Villager (Male) |
| 3:59 | Create | Villager (Male) |
| 5:50 | Create | Villager (Male) |
| 5:50 | Create | Villager (Male) |
| 5:50 | Create | Villager (Male) |
| 6:14 | Create | Villager (Male) |
| 6:14 | Create | Villager (Male) |
| 6:21 | Build | Mill |
| 6:34 | Create | Villager (Male) |
| 7:47 | Research | Feudal Age |
| 7:53 | Build | House |
| 8:10 | Build | Mining Camp |
| 8:39 | Build | Mill |
| 9:57 | Age | Feudal Age |
| 10:02 | Build | Farm |
| 10:03 | Build | Farm |
| 10:05 | Build | Farm |
| 10:13 | Create | Villager (Male) |
| 10:13 | Create | Villager (Male) |
| 10:13 | Create | Villager (Male) |
| 10:14 | Create | Villager (Male) |
| 10:43 | Build | House |
| 11:26 | Build | Blacksmith |
| 11:37 | Create | Villager (Male) |
| 11:37 | Create | Villager (Male) |
| 11:56 | Build | Market |
| 12:09 | Create | Villager (Male) |
| 12:35 | Create | Villager (Male) |
| 12:54 | Build | Mining Camp |
| 13:16 | Build | House |
| 13:41 | Research | Castle Age |
| 13:42 | Create | Villager (Male) |
| 13:42 | Create | Villager (Male) |
| 13:43 | Create | Villager (Male) |
| 13:50 | Build | Mining Camp |
| 14:40 | Build | House |
| 14:51 | Research | Double-Bit Axe |
| 14:54 | Research | Horse Collar |
| 15:42 | Build | Lumber Camp |
| 16:21 | Age | Castle Age |
| 16:26 | Create | Villager (Male) |
| 16:26 | Create | Villager (Male) |
| 16:49 | Build | House |
| 16:54 | Build | House |
| 17:04 | Research | Loom |
| 17:11 | Create | Villager (Male) |
| 17:11 | Create | Villager (Male) |
| 18:27 | Build | Castle |
| 18:37 | Build | Mining Camp |
| 18:50 | Create | Villager (Male) |
| 18:50 | Create | Villager (Male) |
| 18:56 | Build | Monastery |
| 19:02 | Build | Farm |
| 19:03 | Build | Farm |
| 19:07 | Create | Villager (Male) |
| 19:07 | Create | Villager (Male) |
| 19:07 | Create | Villager (Male) |
| 19:08 | Create | Villager (Male) |
| 19:29 | Build | Barracks |
| 19:42 | Create | Monk |
| 20:29 | Build | Farm |
| 20:32 | Create | Villager (Male) |
| 20:33 | Create | Villager (Male) |
| 20:51 | Research | Pikeman (upgrade) |
| 20:51 | Create | Spearman |
| 21:05 | Build | Siege Workshop |
| 21:44 | Build | Castle |
| 22:02 | Build | Archery Range |
| 22:08 | Create | Hussite Wagon |
| 22:09 | Create | Hussite Wagon |
| 22:09 | Create | Hussite Wagon |
| 22:09 | Create | Hussite Wagon |
| 22:09 | Create | Hussite Wagon |
| 22:10 | Create | Hussite Wagon |
| 22:30 | Build | Farm |
| 22:31 | Build | Farm |
| 22:52 | Build | Farm |
| 23:07 | Build | University |
| 23:16 | Build | House |
| 23:21 | Build | House |
| 23:47 | Create | Villager (Male) ×5 |
| 24:01 | Build | Lumber Camp |
| 25:05 | Create | Hussite Wagon |
| 25:05 | Create | Hussite Wagon |
| 25:06 | Create | Hussite Wagon |
| 26:00 | Build | Town Center |
| 26:05 | Create | Villager (Male) ×5 |
| 26:13 | Research | Murder Holes |
| 26:19 | Build | House |
| 26:20 | Build | House |
| 26:22 | Build | House |
| 26:32 | Build | Farm |
| 26:33 | Build | Farm |
| 26:33 | Build | Farm |
| 26:33 | Build | Farm |
| 26:33 | Build | Farm |
| 26:34 | Build | Farm |
| 26:35 | Build | Farm |
| 26:35 | Build | Farm |
| 27:06 | Create | Battering Ram |
| 27:07 | Create | Battering Ram |
| 27:22 | Research | Fortified Wall (upgrade) |
| 27:36 | Build | Gate |
| 27:41 | Build | House |
| 27:47 | Build | House |
| 27:51 | Build | House |
| 28:17 | Create | Hussite Wagon |
| 28:17 | Create | Hussite Wagon |
| 28:18 | Create | Hussite Wagon |
| 28:29 | Create | Spearman |
| 28:29 | Create | Spearman |
| 28:29 | Create | Spearman |
| 28:30 | Create | Spearman |
| 28:48 | Build | Farm |
| 28:48 | Build | Farm |
| 28:48 | Build | Farm |
| 28:48 | Build | Farm |
| 28:49 | Build | Farm |
| 28:49 | Build | Farm |
| 28:49 | Build | Farm |
| 28:50 | Build | Farm |
| 30:38 | Create | Mangonel |
| 32:07 | Build | Farm |
| 32:07 | Build | Farm |
| 32:07 | Build | Farm |
| 32:09 | Build | Farm |
| 32:09 | Build | Farm |
| 32:09 | Build | Farm |
| 32:09 | Build | Farm |
| 32:13 | Create | Villager (Male) ×5 |
| 32:19 | Research | Wheelbarrow |
Match timeline
| 9:55 | alexanderbyork · first_building Barracks |
| 9:57 | nachos21 · age_up feudal |
| 10:25 | MattGohan · age_up feudal |
| 11:34 | alexanderbyork · age_up feudal |
| 13:43 | MattGohan · first_building Barracks |
| 15:26 | frizboum · first_market_sell 100 wood |
| 15:26 | alexanderbyork · first_market_buy 100 food |
| 15:29 | alexanderbyork · first_market_sell 100 stone |
| 15:56 | MattGohan · age_up castle |
| 16:01 | MattGohan · first_building Monastery |
| 16:21 | nachos21 · age_up castle |
| 18:04 | frizboum · first_market_buy 100 wood |
| 18:14 | alexanderbyork · age_up castle |
| 18:27 | nachos21 · first_building Castle |
| 18:56 | nachos21 · first_building Monastery |
| 19:29 | nachos21 · first_building Barracks |
| 19:52 | alexanderbyork · first_building Castle |
| 20:16 | MattGohan · first_building Stable |
| 20:26 | alexanderbyork · first_building Archery Range |
| 20:44 | alexanderbyork · first_building Stable |
| 21:05 | nachos21 · first_building Siege Workshop |
| 21:32 | nachos21 · first_market_buy 100 stone |
| 21:59 | alexanderbyork · first_building Siege Workshop |
| 22:02 | nachos21 · first_building Archery Range |
| 22:12 | alexanderbyork · wall_segment Stone Wall x1 |
| 22:15 | alexanderbyork · wall_segment Stone Wall x12 |
| 22:15 | frizboum · first_building Siege Workshop |
| 22:21 | frizboum · first_building Barracks |
| 22:23 | MattGohan · first_building Castle |
| 25:49 | frizboum · first_building Monastery |
| 27:28 | alexanderbyork · wall_segment Stone Wall x6 |
| 27:30 | alexanderbyork · wall_segment Stone Wall x4 |
| 27:32 | alexanderbyork · wall_segment Stone Wall x10 |
| 27:57 | MattGohan · first_market_buy 100 food |
| 30:45 | MattGohan · age_up imperial |
| 34:06 | alexanderbyork · first_building Monastery |
| 35:00 | frizboum · first_building Castle |
| 35:07 | nachos21 · first_building Stable |
| 38:09 | nachos21 · age_up imperial |
| 42:06 | alexanderbyork · age_up imperial |
| 42:38 | frizboum · resign |
[ AI ANALYSIS · 1 CREDIT ]
What really happened in this match?
Wolo.gg analyzes every decision: build order, eco, micro, common mistakes by bracket. Personalized analysis on WhatsApp or Discord in 30 seconds.
Civ guide
Persians
Map guide
Arena
Perfil
MattGohan